 Dungeon Crawl Stone Soup version 0.25.1-2-g60ff931df9 (webtiles) character file.

Game seed: 15954547038198714999

101 DerDa the Magician (level 4, -9/27 HPs)
             Began as an Octopode Wizard on Aug 23, 2020.
             Killed from afar by an orc wizard (13 damage)
             ... with a puff of flame
             ... on level 3 of the Dungeon.
             The game lasted 00:08:38 (3452 turns).

DerDa the Magician (Octopode Wizard)                Turns: 3452, Time: 00:08:38

Health: -9/27      AC:  1    Str:  6    XL:     4   Next: 75%
Magic:  0/10       EV: 13    Int: 21    God:
Gold:   113        SH:  0    Dex: 10    Spells: 3/11 levels left

rFire    x . .     SeeInvis .   e - +0 whip
rCold    + . .     Gourm    .   (no shield)
rNeg     . . .     Faith    .   a - +0 hat
rPois    +         Spirit   .   (no amulet)
rElec    .         Reflect  .   d - ring of protection from magic
rCorr    .         Harm     .   n - ring of wizardry
MR       +....                  q - ring of poison resistance
Stlth    +++.......             v - ring of ice
HPRegen  0.09/turn              (no ring)
MPRegen  0.12/turn              (no ring)
                                (no ring)
                                (no ring)

@: no status effects
A: almost no armour, stealthy swim, amphibious, 8 rings, constrict 8, camouflage
1, gelatinous body 1
a: no special abilities


You were on level 3 of the Dungeon.
You were hungry.

You visited 1 branch of the dungeon, and saw 3 of its levels.

You collected 113 gold pieces.

Inventory:

Hand Weapons
 e - a +0 whip (weapon)
Missiles
 h - 11 poisoned darts (quivered)
Armour
 a - a +0 hat (worn)
Jewellery
 d - a ring of protection from magic (left tentacle)
 n - a ring of wizardry (right tentacle)
 q - a ring of poison resistance (on tentacle)
 v - a ring of ice (on tentacle)
Scrolls
 f - 4 scrolls of teleportation {unknown}
 g - a scroll of enchant weapon {unknown}
 i - a scroll of fear {unknown}
 j - 2 scrolls of immolation {unknown}
 l - 3 scrolls of identify {unknown}
 m - a scroll of fog {unknown}
 p - a scroll of remove curse {unknown}
Potions
 b - a potion of cancellation {unknown}
 k - a potion of berserk rage {unknown}
 o - a potion of mutation {unknown}
 s - a potion of brilliance {unknown}
 t - a potion of might {unknown}
 u - a potion of haste {unknown}
 w - a potion of stabbing {unknown}
Comestibles
 c - 4 rations
 r - 5 chunks of flesh


   Skills:
 - Level 2.0 Dodging
 - Level 2.6 Stealth
 * Level 4.0 Spellcasting
 * Level 3.0 Conjurations
 - Level 1.0 Summonings
 - Level 1.0 Translocations
 + Level 0.3 Air Magic
 + Level 0.4 Poison Magic


You had 3 spell levels left.
You knew the following spells:

 Your Spells              Type           Power        Failure   Level  Hunger
a - Magic Dart            Conj           ###.         1%          1    None
b - Mephitic Cloud        Conj/Pois/Air  #.......     9%          3    ###....
c - Call Imp              Summ           #.......     4%          2    #......
q - Blink                 Tloc           N/A          4%          2    #......

Your spell library contained the following spells:

 Spells                   Type           Power        Failure   Level  Hunger
 Slow                     Hex            #.......     8%          2    #......
 Conjure Flame            Conj/Fire      ##......     8%          3    ###....


Dungeon Overview and Level Annotations

Branches:
Dungeon (3/15)

Altars:

Annotations:
D:3 Terence


Innate Abilities, Weirdness & Mutations

You cannot wear most types of armour.
You are very stealthy in the water. (Stealth+)
You are amphibious.
You can wear up to eight rings at the same time.
You can use your tentacles to constrict eight enemies at once.
Your skin changes colour to match your surroundings (Stealth+).
Your rubbery body absorbs attacks. (AC +1, EV +1)


Message History

Aiming: Magic Dart (safe; 1% risk of failure)
Press: ? - help, Shift-Dir - straight line, f/p - orc wizard
Aim: an orc wizard, wielding a +0 dagger and wearing a +0 robe (almost dead)
The magic dart hits the orc wizard but does no damage.
The orc wizard is almost dead.
The orc wizard gestures at you while chanting.
The puff of flame hits you! The fire burns you terribly!
* * * LOW HITPOINT WARNING * * *
You are feeling hungry.
You hit the orc wizard but do no damage.
Your grab misses the orc wizard.
The orc wizard is almost dead.
The orc wizard casts a spell at you. The puff of flame misses you.
You hit the orc wizard but do no damage.
Your grab misses the orc wizard.
The orc wizard is almost dead.
The orc wizard gestures at you while chanting.
The puff of flame hits you! The fire burns you terribly!
You die...

######## ####
#......##:...
############............
........................
.......
........................
........
........................
........
.....#..........@o...##
........
.....#..................
.......
..........#..####.......
#.....
#...###........#........
#.....
....###..........#.#....
..#.....
>÷......................
.......<
....####.........#.†.<..
......##
....#............#......
..... #
................... ....


You could see an orc wizard.

Vanquished Creatures
  2 adders
  An ooze (D:2)
  5 worms
  6 dart slugs
  3 orcs
  2 ball pythons
  3 bats
  3 giant cockroaches (D:1)
  11 goblins
  5 hobgoblins
  A quokka (D:2)
  2 frilled lizards
  4 rats
48 creatures vanquished.

Notes
Turn   | Place    | Note
-------+----------+-------------------------------------------
     0 | D:1      | DerDa the Octopode Wizard began the quest for the Orb.
     0 | D:1      | Reached XP level 1. HP: 11/11 MP: 4/4
   547 | D:1      | Reached XP level 2. HP: 17/17 MP: 3/6
  1372 | D:2      | Reached XP level 3. HP: 21/21 MP: 2/7
  2398 | D:2      | Reached XP level 4. HP: 27/27 MP: 5/9
  2659 | D:2      | Learned a level 3 spell: Mephitic Cloud
  2662 | D:2      | Learned a level 2 spell: Call Imp
  2665 | D:2      | Learned a level 2 spell: Blink
  3094 | D:3      | Noticed Terence
  3103 | D:3      | Reached skill level 4 in Spellcasting
  3452 | D:3      | Killed from afar by an orc wizard

Illustrated notes

Levels and vault maps discovered:
D:1:      psy_arrival_terrarium, layout_basic, fountainhead,
          hangedman_decor_opposing
D:2:      cheibrodos_greedy_goblins, layout_loops_corners,
          kennysheep_cross_bottleneck
D:3:      layout_basic, nicolae_overflow_hidden_temple,
          ebering_ghost_disaster_area, uniq_terence

Skill      XL: |  1  2  3  4 |
---------------+-------------+-----
Conjurations   | 2 3 |  3.0
Spellcasting   | 4 |  4.0
Dodging        | |  2.0
Stealth        | |  2.6
Summonings     | |  1.0
Translocations | |  1.0
Air Magic      | |  0.3
Poison Magic   | |  0.4

Action                   |  1- 3 |  4- 6 || total
-------------------------+-------+-------++-------
Melee: Whip              |    13 |     4 ||    17
       Tentacles         |     2 |       ||     2
       Constrict         |     1 |     1 ||     2
Throw: Dart              |    16 |     5 ||    21
 Cast: Magic Dart        |    84 |    70 ||   154
  Eat: Chunk             |     3 |     4 ||     7
Armor: Skin              |     2 |       ||     2
Dodge: Dodged            |    14 |     9 ||    23
